 Dungeon Crawl Stone Soup version 0.27-a0-223-ge082b6e869 (webtiles) character file.

Game seed: 866666078394610039

22 jasper the Slasher (level 2, 16/16 HPs)
             Began as a Vine Stalker Berserker on Feb 1, 2021.
             Was a Follower of Trog.
             Quit the game on level 1 of the Dungeon.
             The game lasted 00:00:46 (553 turns).

jasper the Slasher (Vine Stalker Berserker)          Turns: 553, Time: 00:00:47

Health: 16/16      AC:  2    Str: 19    XL:     2   Next: 91%
Magic:  3/3        EV: 12    Int:  7    God:    Trog [*.....]
Gold:   27         SH:  0    Dex: 13    Spells: 1/1 levels left

rFire    . . .     SeeInvis .   a - +0 falchion
rCold    . . .     Faith    .   (no shield)
rNeg     . . .     Spirit   +   b - +0 animal skin
rPois    .         Reflect  .   (no helmet)
rElec    .         Harm     .   (no cloak)
rCorr    .         Rampage  .   (no gloves)
Will     .....                  (no boots)
Stlth    +.........             (no amulet)
HPRegen  0.05/turn              (no ring)
MPRegen  0.08/turn              (no ring)

@: no status effects
A: fangs 2, magic shield, antimagic bite, no potion heal 3
a: Renounce Religion, Berserk


You were on level 1 of the Dungeon.
You worshipped Trog.
Trog was aware of your devotion.
You visited 1 branch of the dungeon, and saw 1 of its levels.

You collected 27 gold pieces.

Inventory:

Hand Weapons
 a - a +0 falchion (weapon)
Missiles
 c - a throwing net
Armour
 b - a +0 animal skin (worn)
Scrolls
 d - a scroll of amnesia {unknown}
 e - a scroll of identify {unknown}
Potions
 f - a potion of mutation {unknown}


   Skills:
 - Level 2.6 Fighting
 + Level 3.6 Long Blades
 - Level 1.5 Armour
 - Level 1.5 Dodging


You had one spell level left.
You didn't know any spells.
Your spell library was empty.

Dungeon Overview and Level Annotations

Branches:
Dungeon (1/15)

Altars:


Innate Abilities, Weirdness & Mutations

You have extremely sharp teeth.
When hurt, damage is shared between your health and your magic reserves.
Your bite disrupts and absorbs the magic of your enemies.
Potions cannot restore your health.


Message History

You feel yourself slow down.
You now have 16/16 hp.
You start waiting.
You feel yourself speed up.
You start waiting.
You recover from your berserk rage.
Found a leather armour.
f - a fizzy emerald potion
Found a stone staircase leading down.
A hobgoblin and a kobold come into view.
The hobgoblin shouts!
The kobold shouts!
The hobgoblin closely misses you.
You riposte.
You hit the hobgoblin.
You kill the hobgoblin!
Trog accepts your kill.
You hit the kobold.
You kill the kobold!
Trog accepts your kill.
No target in view!
No target in view!
Are you sure you want to abandon this character and quit the game? (Confirm with "yes".)

######### ### ####
#.......## #.. ..#
#......... #.# #.####
#.......# #.# #....#
#.......# #.#####....#
#)......# #.#[.##....#
#.@)....#
#.#..##....####.......#
#.#..##....##.........#
...................>....
...............####.###.
#.#######.####..# .#
.... #.# ...... # ..#.#
#.. ..#.#... ###.#
##.... ...#.


There were no monsters in sight!

Vanquished Creatures
  A dart slug (D:1)
  2 goblins (D:1)
  2 hobgoblins (D:1)
  7 jackals (D:1)
  2 kobolds (D:1)
  A frilled lizard (D:1)
  A rat (D:1)
16 creatures vanquished.

Notes
Turn   | Place    | Note
-------+----------+-------------------------------------------
     0 | D:1      | jasper the Vine Stalker Berserker began the quest for the
                  | Orb.
     0 | D:1      | Reached XP level 1. HP: 11/11 MP: 2/2
    26 | D:1      | Reached skill level 3 in Long Blades
    92 | D:1      | Reached XP level 2. HP: 12/16 MP: 1/3
   553 | D:1      | Quit the game

Illustrated notes

Levels and vault maps discovered:
D:1:      minmay_arrival_doors, layout_basic, hangedman_decor_push

Skill      XL: |  1 |
---------------+----+-----
Long Blades    | 3 |  3.6
Fighting       | |  2.6
Armour         | |  1.5
Dodging        | |  1.5

Action                   || total
-------------------------++-------
Melee: Falchion          ||    26
       Bite              ||     8
Invok: Berserk           ||     2
Armor: Animal skin       ||     6
Dodge: Dodged            ||    17
       Rpst.: Falchion   ||    11

Table legend: (Time is in decaauts)
 A = Elapsed time spent in this place.
 B = Non-inter-level travel time spent in this place.
 C = Inter-level travel time spent in this place.
 D = Time resting spent in this place.
 E = Time spent auto-exploring this place.
 F = Levels seen in this place.
 G = Mean time per level.
                   A        B        C        D        E       F      G
               +--------+--------+--------+--------+--------+-----+--------+
         Total |    580 |    580 |      0 |     99 |    399 |   1 |  580.0 |
       Dungeon |    580 |    580 |      0 |     99 |    399 |   1 |  580.0 |
               +--------+--------+--------+--------+--------+-----+--------+

Top non-repeatable levels by time:
     D:1: 580 daAuts
